 Dungeon Crawl Stone Soup version 0.29.1-15-g9cfb28693d (webtiles) character file.

Game seed: 12678226944224012731

13 MacCMillion the Caller (level 2, 11/11 HPs)
             Began as a Felid Summoner on Mar 15, 2023.
             Quit the game on level 1 of the Dungeon.
             The game lasted 00:01:09 (240 turns).

MacCMillion the Caller (Felid Summoner)              Turns: 240, Time: 00:01:10

Health: 11/11      AC:  1    Str:  4    XL:     2   Next: 24%
Magic:  3/6        EV: 21    Int: 16    God:
Gold:   10         SH:  0    Dex: 16    Spells: 4/5 levels left
                                        Lives:  0   Deaths: 0

rFire   . . .      SeeInvis +   (weapon unavailable)
rCold   . . .      Faith    .   (shield unavailable)
rNeg    . . .      Spirit   .   (body armour unavailable)
rPois   .          Reflect  .   (helmet unavailable)
rElec   .          Harm     .   (cloak unavailable)
rCorr   .          Rampage  .   (gloves unavailable)
Will    .....                   (boots unavailable)
Stlth   ++........              (no amulet)
HPRegen 0.03/turn               b - +4 ring of evasion
MPRegen 0.10/turn               (no ring)

@: quick
A: very small, claws 1, fangs 3, see invisible, speed 1, shaggy fur 1, stealthy
paws, no weapons or thrown items, no armour, multi-lived
a: no special abilities


You were on level 1 of the Dungeon.
You visited 1 branch of the dungeon, and saw 1 of its levels.

You collected 10 gold pieces.

Inventory:

Jewellery
 b - a +4 ring of evasion (left paw)
Potions
 a - a potion of magic
 c - a potion of haste {unknown}


   Skills:
 + Level 3.0 Dodging
 + Level 3.1 Stealth
 + Level 2.2 Spellcasting
 + Level 4.1 Summonings


You had 4 spell levels left.
You knew the following spells:

 Your Spells              Type           Power      Damage    Failure   Level
a - Summon Small Mammal   Summ           60%        N/A       3%          1

Your spell library contained the following spells:

 Spells                   Type           Power      Damage    Failure   Level
 Call Imp                 Summ           15%        N/A       5%          2
 Call Canine Familiar     Summ           15%        N/A       11%         3
 Summon Guardian Golem    Hex/Summ       8%         N/A       26%         3
 Summon Lightning Spire   Summ/Air       8%         N/A       65%         4


Dungeon Overview and Level Annotations

Branches:
Dungeon (1/15)

Altars:


Innate Abilities, Weirdness & Mutations

You have sharp claws.
You have razor-sharp teeth.
You have supernaturally acute eyesight. (SInv)
You cover ground quickly. (Speed+)
You are covered in fur. (AC +1)
Your paws help you pounce on unaware monsters.
You are incapable of wielding weapons or throwing items.
You cannot wear armour.
You gain extra lives every three experience levels.


Message History

Your bat hits the gnoll.
Your bat hits the gnoll but does no damage.
The gnoll barely misses your bat.
Your bat hits the gnoll but does no damage. x2
Your bat hits the gnoll but does no damage. x4
The gnoll hits your bat with a +0 flail!
Your bat dies!
Your bat's corpse disappears in a puff of smoke!
Your bat hits the gnoll.
Your bat hits the gnoll but does no damage.
Your bat closely misses the gnoll.
Your bat closely misses the gnoll.
Your bat barely misses the gnoll.
There is an open door here.
Your bat hits the gnoll. The gnoll barely misses your bat.
Your bat barely misses the gnoll.
Your bat closely misses the gnoll.
Your bat barely misses the gnoll.
Your bat completely misses the gnoll.
Your bat hits the gnoll.
Your bat hits the gnoll but does no damage.
Your quokka closely misses the gnoll.
Your quokka closely misses the gnoll.
Your bat hits the gnoll but does no damage.
Your quokka barely misses the gnoll.
Your bat hits the gnoll.
Your quokka bites the gnoll but does no damage.
The gnoll closely misses your quokka. The gnoll closely misses your quokka.
Your bat barely misses the gnoll.
Your bat hits the gnoll.
Your quokka bites the gnoll.
The gnoll misses your quokka.
Your quokka barely misses the gnoll.
The gnoll hits your quokka with a +0 flail.
Your quokka bites the gnoll.
The gnoll dies!
Your Dodging skill increases to level 3!
Your Stealth skill increases to level 3!
You have reached level 2!
Are you sure you want to abandon this character and quit the game? (Confirm with "yes".)
Okay, then.
Are you sure you want to abandon this character and quit the game? (Confirm with "yes".)

##### ######.<.######
###.............###
##.................###
.'.......)b.....@..'.#
##.......r.........#.#
####.............###.#
...###.........### #.#
#### ###.....### #.#
###.........### #.#
###.............###.#
#.......~~~.......#)#
+.....~~≈≈≈~~.....'.#


You could see a friendly quokka (summoned) and a friendly bat (summoned).

Vanquished Creatures
  A ball python (D:1)
1 creature vanquished.

Vanquished Creatures (collateral kills)
  A gnoll (D:1)
  2 ball pythons (D:1)
  A frilled lizard (D:1)
  A kobold (D:1)
5 creatures vanquished.

Grand Total: 6 creatures vanquished

Notes
Turn   | Place    | Note
-------+----------+-------------------------------------------
     0 | D:1      | MacCMillion the Felid Summoner began the quest for the Orb.
     0 | D:1      | Reached XP level 1. HP: 7/7 MP: 4/4
   240 | D:1      | Reached XP level 2. HP: 11/11 MP: 3/6
   240 | D:1      | Quit the game

Illustrated notes

Levels and vault maps discovered:
D:1:      nzn_arrival_depleted_hourglass, layout_loops_ring,
          ebering_ecumenical_altar_webs

Skill      XL: |  1 |
---------------+----+-----
Dodging        | 3 |  3.0
Stealth        | 3 |  3.1
Spellcasting   | |  2.2
Summonings     | |  4.1

Action                   || total
-------------------------++-------
Melee: Unarmed           ||     1
 Cast: Summon Small Mamm ||    13
 Stab: Sleeping          ||     1
